 Dungeon Crawl Stone Soup version 0.32-a0-468-g38b2580584 (webtiles) character file.

Game seed: 12918056568024338032

1354 Sweetruy1997 the Apothecary (level 8, 0/54 HPs)
             Began as a Merfolk Alchemist on Feb 17, 2024.
             Was a Believer of Dithmenos.
             Slain by a sky beast (6 damage)
             ... on level 6 of the Dungeon on Mar 6, 2024.
             The game lasted 00:18:10 (6463 turns).

Sweetruy1997 the Apothecary (Merfolk Alchemist)     Turns: 6463, Time: 00:18:10

Health: 0/54       AC:  8    Str: 17    XL:     8   Next: 63%
Magic:  12/12      EV: 12    Int: 14    God:    Dithmenos [**....]
Gold:   384        SH:  0    Dex: 20    Spells: 3/13 levels left

rFire   . . .        e - +2 sling (flame)
rCold   + . .        (no shield)
rNeg    . . .        A - +1 ring mail {rC+}
rPois   .            z - +0 helmet
rElec   .            f - scarf {+Inv}
rCorr   .            t - +0 pair of gloves
SInv    .            (no boots)
Will    .....        v - amulet of magic regeneration
Stlth   ++           p - +6 ring of dexterity
HPRegen 0.29/turn    s - +6 ring of strength
MPRegen 0.53/turn

%: no passive effects
@: wreathed by umbra
A: (nimble swimmer 2), mertail
a: Renounce Religion, Evoke Invisibility, Shadow Step


You were on level 6 of the Dungeon.
You worshipped Dithmenos.
Dithmenos was pleased with you.
You visited 2 branches of the dungeon, and saw 7 of its levels.

You collected 384 gold pieces.

Inventory:

Hand Weapons
 e - a +2 sling of flaming (weapon)
Armour
 f - a scarf of invisibility (worn)
 t - a +0 pair of gloves (worn)
 z - a +0 helmet (worn)
 A - a +1 ring mail of cold resistance (worn)
Jewellery
 p - a +6 ring of dexterity (left hand)
 s - a +6 ring of strength (right hand)
 v - an amulet of magic regeneration (around neck)
Wands
 q - a wand of mindburst (20)
 w - a wand of flame (29)
Scrolls
 a - 2 scrolls of blinking
 h - a scroll of poison
 j - 3 scrolls of teleportation
 k - a scroll of fog {unknown}
 m - a scroll of enchant weapon {unknown}
 n - 2 scrolls of amnesia
 u - a scroll of acquirement {unknown}
 y - 3 scrolls of noise {unknown}
 B - a scroll of enchant armour {unknown}
Potions
 b - a potion of magic
 c - a potion of heal wounds {unknown}
 d - 2 potions of curing
 g - a potion of lignification {unknown}
 i - a potion of invisibility {unknown}
 l - 2 potions of might {unknown}
 o - a potion of mutation {unknown}
 r - 2 potions of enlightenment
 x - 2 potions of brilliance {unknown}


   Skills:
 - Level 1.0 Fighting
 + Level 6.2 Ranged Weapons
 + Level 2.2 Armour
 - Level 3.0 Dodging
 + Level 2.8 Stealth
 + Level 3.2 Spellcasting
 + Level 2.1 Conjurations
 + Level 0.5 Air Magic
 + Level 6.4 Alchemy


You had 3 spell levels left.
You knew the following spells:

 Your Spells              Type           Power      Damage    Failure   Level
a - Sting                 Conj/Alch      56%        1d6       6%          1
b - Mercury Vapours       Alch/Air       24%        N/A       14%         2
c - Mephitic Cloud        Conj/Alch/Air  10%        N/A       32%         3
d - Dazzling Flash        Conj/Hex       10%        N/A       58%         3
e - Kiss of Death         Conj/Necr      20%        2d7       24%         1

Your spell library contained the following spells:

 Spells                   Type           Power      Damage    Failure   Level
 Confusing Touch          Hex            2%         N/A       75%         3
 Fugue of the Fallen      Necr           2%         N/A       75%         3
 Ozocubu's Armour         Ice            2%         N/A       75%         3
 Olgreb's Toxic Radiance  Alch           20%        N/A       26%         4
 Sticky Flame             Fire/Alch      11%        2d5       69%         4
 Dispel Undead            Necr           2%         3d7       98%         4
 Manifold Assault         Tloc           2%         N/A       98%         4
 Curse of Agony           Necr           2%         N/A       100%        5
 Silence                  Hex/Air        1%         N/A       100%        5


Dungeon Overview and Level Annotations

Branches:
Dungeon (6/15)             Temple (1/1) D:5

Altars:
Ashenzari
Cheibriados
Dithmenos
Elyvilon
Gozag
Hepliaklqana
Kikubaaqudgha
Makhleb
Okawaru
Sif Muna
Trog
Uskayaw
Vehumet
Wu Jian
Xom
Yredelemnul
Zin

Shops:
D:4 (


Innate Abilities, Weirdness & Mutations

((You are very nimble when in or above water. (Stealth+, EV+, Speed+++)))
Your lower body shifts to a powerful aquatic tail in water.


Message History

No target in view!
No target in view!
There is a strange disturbance nearby!
No target in view!
No target in view!
No target in view!
You shoot a sling bullet. Something hits you. Something shocks you.
You shoot a sling bullet. Something hits you but does no damage.
You shoot a sling bullet. Something hits you but does no damage.
Your magical contamination has completely faded away.
You shoot a sling bullet. Something hits you but does no damage.
You shoot a sling bullet.
Something hits you but does no damage. x2
You shoot a sling bullet. Something hits you but does no damage.
You shoot a sling bullet. Something hits you but does no damage.
You shoot a sling bullet.
A sky beast appears from thin air!
Reactivating autopickup.
The sky beast hits you. The sky beast shocks you.
You shoot a sling bullet.
The sling bullet barely misses the sky beast.
The sky beast flickers out of sight!
Deactivating autopickup; reactivate with Ctrl-A.
Something hits you but does no damage.
You shoot a sling bullet. Something hits you but does no damage.
You shoot a sling bullet. Something hits you. Something shocks you.
Something hits you but does no damage.
You shoot a sling bullet. Something hits you. Something shocks you.
You shoot a sling bullet. Something hits you. Something shocks you.
You shoot a sling bullet. Something hits you. Something shocks you.
* * * LOW HITPOINT WARNING * * *
You shoot a sling bullet. Something hits you but does no damage.
You shoot a sling bullet. Something hits you but does no damage.
You shoot a sling bullet. Something hits you but does no damage.
Something hits you.
* * * LOW HITPOINT WARNING * * *
Something shocks you.
* * * LOW HITPOINT WARNING * * *
You shoot a sling bullet. Something hits you.
* * * LOW HITPOINT WARNING * * *
Something shocks you.
You die...

#+# #. #.# #.
### #># ##.##
#.# ##.##
......#..
##(..## #..#.
#.##.....###
#...
#.......)).
#.{##
##..#.#####
#.@.##
##...###
###.#.###.####
....##.#..#
###.......#
#########


There were no monsters in sight!

Vanquished Creatures
  Grinder (D:5)
  The ghost of Scrimshaw the Magician, an amateur GnHW (D:4)
  A centaur (D:5)
  A bullfrog (D:3)
  2 scorpions (D:6)
  2 bombardier beetles
  2 hounds
  2 jellies
  3 iguanas
  3 orc wizards
  Robin (D:4)
  11 gnolls
  7 adders
  A white imp (D:5)
  A ribbon worm (D:3)
  3 dart slugs
  16 orcs
  4 endoplasms
  4 giant cockroaches
  16 goblins
  6 hobgoblins
  9 kobolds
  3 quokkas
  11 ball pythons
  4 bats
  7 frilled lizards
  4 rats
126 creatures vanquished.

Notes
Turn   | Place    | Note
-------+----------+-------------------------------------------
     0 | D:1      | Sweetruy1997 the Merfolk Alchemist began the quest for the
                  | Orb.
     0 | D:1      | Reached XP level 1. HP: 13/13 MP: 3/3
   162 | D:1      | Reached skill level 1 in Conjurations
   162 | D:1      | Reached XP level 2. HP: 19/19 MP: 3/5
   172 | D:1      | Learned a level 2 spell: Mercury Vapours
   529 | D:1      | Reached XP level 3. HP: 24/24 MP: 1/6
   575 | D:1      | Found a faded altar of an unknown god.
   887 | D:1      | HP: 1/24 [hobgoblin (4)]
   971 | D:1      | Learned a level 3 spell: Mephitic Cloud
  1370 | D:2      | Reached skill level 5 in Alchemy
  1643 | D:2      | Reached XP level 4. HP: 30/31 MP: 3/7
  1792 | D:2      | Found a white marble altar of Elyvilon.
  2131 | D:2      | Reached skill level 1 in Fighting
  2455 | D:3      | Found an iron altar of Okawaru.
  2678 | D:3      | Noticed a bullfrog
  2690 | D:3      | Killed a bullfrog
  2691 | D:3      | Reached skill level 1 in Ranged Weapons
  2691 | D:3      | Reached XP level 5. HP: 30/37 MP: 1/9
  2697 | D:3      | Learned a level 3 spell: Dazzling Flash
  3220 | D:4      | Reached XP level 6. HP: 40/43 MP: 10/10
  3338 | D:1      | Prayed at the altar of an unknown god.
  3338 | D:1      | Became a worshipper of Dithmenos the Shadowed
  3338 | D:1      | Reached * piety under Dithmenos
  3620 | D:4      | Learned a level 1 spell: Kiss of Death
  3624 | D:4      | Noticed Robin
  3741 | D:4      | Found an ancient bone altar of Kikubaaqudgha.
  3785 | D:4      | Found a radiant altar of Vehumet.
  3871 | D:4      | Upgraded the game from 0.32-a0-329-ge6c31236d6 to
                  | 0.32-a0-468-g38b2580584
  3881 | D:4      | Killed Robin
  3882 | D:4      | Reached skill level 1 in Armour
  3937 | D:4      | Found a hide-covered altar of Uskayaw.
  4046 | D:4      | Found an opulent altar of Gozag.
  4094 | D:4      | Found a large runed translucent door.
  4094 | D:4      | Found a large runed translucent door.
  4102 | D:4      | Noticed Scrimshaw's ghost (amateur GnHW)
  4147 | D:4      | Reached ** piety under Dithmenos
  4150 | D:4      | Reached XP level 7. HP: 48/48 MP: 11/11
  4199 | D:4      | Found Duiqufue's Weapon Emporium.
  4400 | D:4      | Killed Scrimshaw's ghost
  4521 | D:5      | Entered Level 5 of the Dungeon
  4724 | D:5      | Found a staircase to the Ecumenical Temple.
  4789 | Temple   | Entered the Ecumenical Temple
  4916 | D:5      | Reached XP level 8. HP: 54/54 MP: 12/12
  4962 | D:5      | Found a broken altar of Ashenzari.
  5132 | D:5      | Noticed Grinder
  5149 | D:5      | Killed Grinder
  5150 | D:5      | Reached skill level 5 in Ranged Weapons
  5481 | D:6      | Found a shimmering blue altar of Sif Muna.
  6463 | D:6      | Slain by a sky beast

Illustrated notes

Levels and vault maps discovered:
D:1:      orjb1_clovarrival, layout_loops_ring, shapermc_ecumenical_altar_gd,
          minivault_5, minmay_tetromino_t2
D:2:      layout_loops_ring, basic_altar, st_stairs_8
D:3:      layout_loops_ring, mainiacjoe_overflow_brackets,
          kennysheep_generic_room_4
D:4:      layout_basic, mainiacjoe_overflow_large_starburst,
          lemuel_crystal_altar, mainiacjoe_overflow_surrounded_room,
          ebering_ghost_disaster_area, serial_shops, shop,
          kennysheep_decorative_pillar, grunt_ministairs_11, uniq_robin
D:5:      layout_loops_ring, amcnicky_altar_gilded, minmay_temple_entry_tees,
          st_stairs_14, uniq_grinder
D:6:      layout_loops_corners, nicolae_sif_muna_condensation
Temple:   cyrus_temple_forest

Skill      XL: |  1  2  3  4  5  6  7  8 |
---------------+-------------------------+-----
Conjurations   | 1 2 |  2.1
Dodging        | 3 |  3.0
Alchemy        | 5 6 |  6.4
Fighting       | 1 |  1.0
Ranged Weapons | 1 2 4 6 |  6.2
Armour         | 1 2 |  2.2
Spellcasting   | 3 |  3.2
Stealth        | |  2.8
Air Magic      | |  0.5

Action                     |  1- 3 |  4- 6 |  7- 9 || total
---------------------------+-------+-------+-------++-------
  Melee: Club              |    50 |       |       ||    50
   Fire: Sling             |     4 |    82 |   194 ||   280
   Cast: Sting             |    44 |    71 |     1 ||   116
         Mercury Vapours   |     1 |     1 |       ||     2
         Mephitic Cloud    |       |     4 |       ||     4
    Use: Scroll            |     2 |       |     3 ||     5
         Potion            |     1 |       |       ||     1
 Armour: Robe              |    33 |     1 |       ||    34
         Leather armour    |       |    35 |       ||    35
         Ring mail         |       |       |    94 ||    94
  Dodge: Dodged            |    57 |    57 |    62 ||   176

Table legend: (Time is in decaauts)
 A = Elapsed time spent in this place.
 B = Non-inter-level travel time spent in this place.
 C = Inter-level travel time spent in this place.
 D = Time resting spent in this place.
 E = Time spent auto-exploring this place.
 F = Levels seen in this place.
 G = Mean time per level.
                   A        B        C        D        E       F      G
               +--------+--------+--------+--------+--------+-----+--------+
         Total |   6544 |   5964 |    580 |     60 |   4926 |   7 |  934.9 |
       Dungeon |   6540 |   5960 |    580 |     60 |   4926 |   6 | 1090.0 |
        Temple |      4 |      4 |      0 |      0 |      0 |   1 |    4.0 |
               +--------+--------+--------+--------+--------+-----+--------+

Top non-repeatable levels by time:
     D:1: 1541 daAuts
     D:3: 1156 daAuts
     D:6: 994 daAuts
     D:5: 983 daAuts
     D:4: 941 daAuts
     D:2: 923 daAuts
  Temple: 4 daAuts
